 Dungeon Crawl Stone Soup version 0.25-a0-510-ge065f6de7d (webtiles) character file.

Game seed: 12314738434266400739, levelgen mode: classic

20706 EnegeticOcto the Cleaver (level 12, -2/114 HPs)
             Began as a Deep Dwarf Fighter on Feb 15, 2020.
             Was a High Priest of Makhleb.
             Slain by a meliai
             ... wielding a +0 hand axe
              (3 damage)
             ... on level 13 of the Dungeon.
             The game lasted 00:07:54 (8287 turns).

EnegeticOcto the Cleaver (Deep Dwarf Fighter)       Turns: 8287, Time: 00:07:54

Health: -2/114     AC:  0    Str: 24    XL:     12   Next: 47%
Magic:  15/15      EV: 19    Int: 10    God:    Makhleb [*****.]
Gold:   622        SH:  0    Dex: 12    Spells: 11/11 levels left

rFire    . . .     SeeInvis .   (weapon currently unavailable)
rCold    . . .     Gourm    .   (shield currently unavailable)
rNeg     . . .     Faith    .   (armour currently unavailable)
rPois    .         Spirit   .   (helmet currently unavailable)
rElec    .         Reflect  .   (cloak currently unavailable)
rCorr    .         Harm     .   (gloves currently unavailable)
MR       +....     Clarity  +   (boots currently unavailable)
Stlth    +.........             (no amulet)
HPRegen  0.00/turn              (ring currently unavailable)
MPRegen  0.14/turn              (ring currently unavailable)

@: lethally poisoned (-2 -> -36), pig-form, non-regenerating, very quick
A: small, damage resistance, heal wounds, blink, clarity, sense surroundings 2,
no regeneration
a: Heal Wounds, Blink, Minor Destruction, Lesser Servant of Makhleb, Major
Destruction, Greater Servant of Makhleb, Renounce Religion


You were on level 13 of the Dungeon.
You worshipped Makhleb.
Makhleb was extremely pleased with you.
You were not hungry.
You were a filthy swine.
You visited 2 branches of the dungeon, and saw 14 of its levels.

You collected 745 gold pieces.
You spent 123 gold pieces at shops.

Inventory:

Hand Weapons
 h - a +2 war axe of electrocution (melded)
 I - a +1 short sword of distortion
Missiles
 A - a throwing net (quivered)
Armour
 c - a +1 kite shield (melded)
 i - a +2 helmet (melded)
 t - a +0 plate armour (melded)
 w - a +0 pair of gloves (melded)
 E - a +0 pair of boots (melded)
 F - a +0 cloak (melded)
Jewellery
 n - an uncursed ring of ice
 z - a ring of positive energy (melded)
 C - an uncursed ring of fire
 D - the ring of the Ancients {*Tele rC+ rN+ Stlth-}
   (You found it on level 9 of the Dungeon)

   [ring of teleportation]

   It may teleport you next to monsters.
   It protects you from cold.
   It protects you from negative energy.
   It makes you less stealthy.
Wands
 f - a wand of flame (4)
 j - a wand of clouds (4)
 s - a wand of paralysis (6)
 v - a wand of enslavement (12)
 H - a wand of polymorph (4)
Scrolls
 a - 3 scrolls of identify {@r1}
 g - a scroll of magic mapping {@r5}
 k - 2 scrolls of teleportation {@r2}
 o - a scroll of fear
 u - a scroll of fog
 x - 4 scrolls of enchant weapon
 y - 4 scrolls of remove curse {@r6}
 G - 2 scrolls of enchant armour
 J - a scroll of holy word
 K - a scroll of brand weapon
 M - a scroll of silence {unknown}
 N - a scroll of summoning
Potions
 d - 4 potions of might {@q3}
 l - 2 potions of curing {@q1}
 m - 4 potions of heal wounds {@q2}
 p - 3 potions of lignification {@q7}
 q - a potion of degeneration
 r - 2 potions of magic
 B - 2 potions of brilliance
 L - a potion of haste {unknown}
Comestibles
 b - 13 chunks of flesh
 e - 17 rations


   Skills:
 * Level 9.2 Fighting
 * Level 11.9 Axes
 + Level 8.9 Armour
 + Level 8.2 Dodging
 + Level 9.0 Shields
 * Level 10.4 Invocations


You had 11 spell levels left.
You didn't know any spells.
Your spell library contained the following spells:

 Spells                   Type           Power        Failure   Level  Hunger
 Freeze                   Ice            #...         36%         1    ##.....
 Magic Dart               Conj           #...         36%         1    ##.....
 Sandblast                Erth           #.....       36%         1    ##.....
 Summon Small Mammal      Summ           #...         36%         1    ##.....
 Call Imp                 Summ           #.......     50%         2    ###....
 Passwall                 Tmut/Erth      #.......     50%         2    ###....
 Searing Ray              Conj           #.....       50%         2    ###....
 Call Canine Familiar     Summ           #.......     75%         3    ####...
 Dazzling Flash           Conj/Hex       #.....       75%         3    ####...
 Frozen Ramparts          Ice            #.....       75%         3    ####...
 Ozocubu's Armour         Chrm/Ice       #.......     75%         3    ####...
 Stone Arrow              Conj/Erth      #.....       75%         3    ####...
 Summon Guardian Golem    Hex/Summ       #.......     75%         3    ####...
 Fulminant Prism          Conj/Hex       #.........   98%         4    #####..
 Hailstorm                Conj/Ice       #.......     98%         4    #####..
 Iskenderun's Mystic Bla  Conj/Tloc      #.......     98%         4    #####..
 Petrify                  Tmut/Erth      #.......     98%         4    #####..
 Summon Ice Beast         Ice/Summ       #.......     98%         4    #####..
 Summon Lightning Spire   Summ/Air       #.......     98%         4    #####..
 Irradiate                Conj/Tmut      #.........   100%        5    ######.
 Lee's Rapid Deconstruct  Erth           #.........   100%        5    ######.
 Hydra Form               Tmut           #.........   100%        6    #######
 Statue Form              Tmut/Erth      #........    100%        6    #######
 Dragon Form              Tmut           #.........   100%        7    #######


Dungeon Overview and Level Annotations

Branches:
Dungeon (13/15)            Temple (1/1) D:5            Lair (0/6) D:11
    Orc (0/2) D:12
 Vaults: D:13-14

Altars:
Ashenzari
Cheibriados
Dithmenos
Elyvilon
Fedhas
Gozag
Hepliaklqana
Kikubaaqudgha
Makhleb
Nemelex Xobeh
Qazlal
Ru
Sif Muna
Trog
Uskayaw
Vehumet
Xom
Yredelemnul
Zin
The Shining One
Lugonu

Shops:
D:6 *   D:12 ?

Annotations:
D:6 exclusion: statue
D:13 Kirke


Innate Abilities, Weirdness & Mutations

You are resistant to damage.
You can heal yourself by infusing magical energy.
You passively map the area around you.
You do not regenerate.
((You are partially covered in large bone plates. (SH +4)))
You can translocate small distances at will.
You possess an exceptional clarity of mind.
((Your flesh is cold resistant. (rC+)))


Message History

Lightning courses through the purple ugly thing!
You slash the hog! Lightning courses through the hog! You hit Kirke.
You hit the meliai.
You feel sick. You block the meliai's attack. The meliai barely misses you.
The meliai hits you with a +0 hand axe. You block the meliai's attack.
The meliai hits you but does no damage. You block the meliai's attack.
The hog bites you.
You block the purple ugly thing's attack.
The meliai hits you but does no damage.
The meliai stings you but does no damage.
The meliai hits you with a +0 hand axe. The meliai barely misses you.
The orc warrior hits you from afar with a +0 trident!
The hog bites you. The meliai hits you but does no damage.
The meliai stings you but does no damage.
Kirke holds her sides and says, "You'll eat dirt beneath my feet."
Kirke casts a spell at you.
You turn into a filthy swine.
Your +2 war axe of electrocution melds into your body.
Your +0 cloak melds into your body.
Your +2 helmet melds into your body.
Your +0 pair of gloves melds into your body.
Your +0 pair of boots melds into your body.
Your +1 kite shield melds into your body.
Your +0 plate armour melds into your body.
Your ring of positive energy melds into your body.
Your +2 war axe of electrocution stops crackling.
You hit the hog.
You kill the hog!
Makhleb accepts your kill.
You feel better.
You feel sick. The meliai barely misses you. x2
The meliai misses you. The meliai closely misses you.
The meliai completely misses you. The meliai stings you.
The purple ugly thing closely misses you.
The orc warrior misses you. Kirke hits you!
You are too injured to fight recklessly!
You are too injured to fight recklessly!
You are too injured to fight recklessly!
You are too injured to fight recklessly!
You are too injured to fight recklessly!
You are too injured to fight recklessly!
You are too injured to fight recklessly!
You are too injured to fight recklessly!
You are too injured to fight recklessly!
Your magical essence is drained by the effort!
You feel much better.
You feel sick.
The meliai mumbles some strange prayers to its god against you.
Something smites you! The meliai misses you. The meliai stings you!
The meliai completely misses you. The meliai stings you. The hog bites you!
* * * LOW HITPOINT WARNING * * *
The meliai hits you with a +0 hand axe.
* * * LOW HITPOINT WARNING * * *
The meliai barely misses you. x2; The meliai misses you.
The meliai hits you with a +2 hand axe of freezing.
* * * LOW HITPOINT WARNING * * *
The meliai freezes you.
* * * LOW HITPOINT WARNING * * *
The meliai completely misses you. The purple ugly thing misses you.
The orc wizard gestures wildly while chanting.
The orc wizard seems to speed up.
The hog misses you.
The orc warrior hits you from afar with a +0 trident!
* * * LOW HITPOINT WARNING * * *
Kirke barely misses you.
Your magical essence is drained by the effort!
You feel much better. The meliai barely misses you. The meliai stings you!
The meliai completely misses you. The meliai stings you!
* * * LOW HITPOINT WARNING * * *
You are more poisoned.
The meliai poisons you!
The meliai hits you with a +2 hand axe of freezing.
The meliai freezes you. The meliai stings you.
* * * LOW HITPOINT WARNING * * *
The meliai hits you with a +0 hand axe!
* * * LOW HITPOINT WARNING * * *
The meliai stings you.
You are more poisoned.
The meliai poisons you! The meliai completely misses you.
The meliai misses you. The hog completely misses you.
The purple ugly thing misses you. The meliai closely misses you.
The meliai stings you.
* * * LOW HITPOINT WARNING * * *
Kirke holds her sides and says, "You'll eat dirt beneath my feet."
Kirke barely misses you.
The orc wizard casts a spell.
The orc wizard flickers and vanishes!
Deactivating autopickup; reactivate with Ctrl-A.
The orc warrior barely misses you.
You feel much better.
* * * LOW HITPOINT WARNING * * *
You feel very sick. The meliai misses you. The meliai stings you!
* * * LOW HITPOINT WARNING * * *
The meliai calls upon its god to heal the meliai.
The meliai is healed somewhat.
The meliai hits you with a +2 hand axe of freezing!
* * * LOW HITPOINT WARNING * * *
The meliai freezes you!
* * * LOW HITPOINT WARNING * * *
The meliai misses you. The hog barely misses you.
The meliai hits you with a +0 hand axe!
* * * LOW HITPOINT WARNING * * *
The meliai stings you!
You die...

#.............
*#........#..#* #.....##
.<# , * ###......# ..####,
. ,* ##.......###.....##..
# ##.........(##........
###...##...))......$....***
*
#....##.........yy......,,
.....##....#####hy{....#
......#.....# #@hu...### ,,
..##........# #hoo..%.#*, *
..#.))......#*#......... *
* ............. #.........
*** , ...).........
.......... , ,
.............,.......... ,
,, ...[...##...............
........####. , , ,, * ,, ,


You could see Kirke, a purple ugly thing, 2 hogs, an orc warrior, 3 meliai and
an orc priest.

Vanquished Creatures
  Fannar (D:11)
  4 two-headed ogres
  An unseen horror (D:11)
  A manticore (D:13)
  3 ugly things
  A centaur zombie (D:10)
  Maurice (D:9)
  A kobold demonologist (D:12)
  4 trolls
  7 polar bears (D:12)
  8 hippogriffs
  2 dream sheep (D:8)
  A vampire (D:12)
  A wraith (D:13)
  5 yaks
  A wyvern (D:8)
  A water elemental (D:12)
  A steam dragon (D:8)
  A hog (D:13)
  4 hungry ghosts
  Menkaure (D:7)
  2 water moccasins
  4 porcupines (D:11)
  5 ice beasts
  8 orc warriors
  2 phantoms (D:10)
  6 black bears
  2 necrophages (D:8)
  3 sky beasts
  An eye of draining (D:10)
  6 ogres
  5 centaurs
  5 big kobolds
  6 bullfrogs
  A gnoll sergeant (D:11)
  9 scorpions
  13 wights
  3 killer bees (D:6)
  An electric eel (D:12)
  9 crimson imps
  2 bullfrog zombies
  7 hounds
  2 jellies
  7 orc priests
  A bullfrog skeleton (D:11)
  15 orc wizards
  2 centaur skeletons
  2 iguanas
  11 worker ants
  A hound skeleton (D:8)
  A howler monkey zombie (D:9)
  12 adders
  9 gnolls
  A worker ant zombie (D:7)
  3 shadow imps
  3 adder zombies
  4 adder skeletons
  A dart slug (D:2)
  4 leopard geckos
  44 orcs
  9 giant cockroaches
  7 hobgoblins
  10 jackals
  7 quokkas
  A ball python (D:5)
  9 bats
  3 frilled lizards
  15 kobolds
  A quokka zombie (D:8)
  6 rats
  7 fungi
  5 plants (D:11)
353 creatures vanquished.

Vanquished Creatures (others)
  14 fungi (D:11)
  2 plants (D:11)
16 creatures vanquished.

Grand Total: 369 creatures vanquished

Notes
Turn   | Place    | Note
-------+----------+-------------------------------------------
     0 | D:1      | EnegeticOcto the Deep Dwarf Fighter began the quest for the
                  | Orb.
     0 | D:1      | Reached XP level 1. HP: 20/20 MP: 1/1
    50 | D:1      | Reached XP level 2. HP: 25/27 MP: 2/2
   308 | D:2      | Reached XP level 3. HP: 30/33 MP: 3/3
   327 | D:2      | Found a hazy altar of Hepliaklqana.
   333 | D:2      | Reached skill level 3 in Axes
   561 | D:3      | Reached skill level 1 in Dodging
   738 | D:4      | Found a sacrificial altar of Ru.
   759 | D:4      | Reached XP level 4. HP: 25/42 MP: 4/4
   979 | D:4      | Found a glowing silver altar of Zin.
  1064 | D:4      | Reached XP level 5. HP: 47/49 MP: 5/5
  1201 | D:4      | Reached skill level 4 in Axes
  1412 | D:4      | Got a faintly glowing hand axe
  1413 | D:4      | Identified the +1 hand axe "Udghu" {venom, rC+} (You found
                  | it on level 4 of the Dungeon)
  1431 | D:5      | Entered Level 5 of the Dungeon
  1507 | D:5      | Reached XP level 6. HP: 56/56 MP: 5/5
  1516 | D:5      | Found a staircase to the Ecumenical Temple.
  1526 | Temple   | Entered the Ecumenical Temple
  1725 | D:5      | Noticed a water moccasin
  1733 | D:5      | Killed a water moccasin
  1772 | D:5      | Reached skill level 5 in Axes
  1792 | D:5      | Reached XP level 7. HP: 61/63 MP: 6/6
  1887 | D:5      | Found a glowing golden altar of the Shining One.
  2006 | D:5      | Found a bloodstained altar of Trog.
  2306 | D:6      | Reached skill level 5 in Shields
  2312 | D:6      | Reached skill level 5 in Armour
  2356 | D:6      | Found Dorus's Elemental Accessories.
  2370 | D:6      | Reached skill level 6 in Axes
  2401 | D:6      | Reached XP level 8. HP: 50/73 MP: 7/7
  2843 | D:6      | Reached skill level 7 in Axes
  2945 | D:6      | Found a radiant altar of Vehumet.
  3070 | D:7      | Noticed Menkaure
  3085 | D:7      | Killed Menkaure
  3085 | D:7      | Reached skill level 5 in Fighting
  3281 | D:7      | Gained mutation: You passively map the area around you.
                  | [Deep Dwarf growth]
  3281 | D:7      | Reached XP level 9. HP: 38/81 MP: 8/8
  3282 | D:7      | Reached skill level 8 in Axes
  3282 | D:7      | Reached skill level 5 in Dodging
  3324 | D:7      | Found a blossoming altar of Fedhas.
  3336 | D:7      | Found a burning altar of Makhleb.
  3337 | D:7      | Found a sparkling altar of Nemelex Xobeh.
  3337 | D:7      | Found a shimmering altar of Xom.
  3349 | D:7      | Became a worshipper of Makhleb the Destroyer
  3460 | D:7      | Reached skill level 1 in Invocations
  3613 | D:7      | Found a shadowy altar of Dithmenos.
  3919 | D:8      | Found an ancient bone altar of Kikubaaqudgha.
  4046 | D:8      | Reached * piety under Makhleb
  4098 | D:8      | Reached skill level 9 in Axes
  4330 | D:8      | Reached XP level 10. HP: 85/90 MP: 11/11
  4332 | D:8      | Noticed a two-headed ogre
  4340 | D:8      | Killed a two-headed ogre
  4340 | D:8      | Reached skill level 5 in Invocations
  4527 | D:9      | Got a bound silver ring
  4847 | D:9      | Reached ** piety under Makhleb
  4876 | D:9      | Noticed Maurice
  5082 | D:9      | Identified the ring of the Ancients {*Tele rC+ rN+ Stlth-}
                  | (You found it on level 9 of the Dungeon)
  5106 | D:9      | Found a shimmering altar of Xom.
  5107 | D:9      | Found a shimmering altar of Xom.
  5108 | D:9      | Found a shimmering altar of Xom.
  5113 | D:9      | Killed Maurice
  5141 | D:9      | Found a shimmering altar of Xom.
  5142 | D:9      | Found a shimmering altar of Xom.
  5393 | D:10     | Entered Level 10 of the Dungeon
  5417 | D:10     | Reached skill level 10 in Axes
  5630 | D:10     | Noticed a purple ugly thing
  5630 | D:10     | Noticed a two-headed ogre
  5637 | D:10     | Killed a two-headed ogre
  5637 | D:10     | Reached XP level 11. HP: 88/100 MP: 14/14
  5640 | D:10     | Killed a purple ugly thing
  5797 | D:10     | Reached *** piety under Makhleb
  5902 | D:10     | Got a bloodstained buckler
  5903 | D:10     | Identified the +0 buckler of Dishonour {rN++} (You found it
                  | on level 10 of the Dungeon)
  5907 | D:10     | Gained mutation: You have large cloven feet. [potion of
                  | mutation]
  5907 | D:10     | Gained mutation: Your mind is acute. (Int +2) [potion of
                  | mutation]
  5907 | D:10     | Gained mutation: Your mind is very acute. (Int +4) [potion
                  | of mutation]
  6300 | D:11     | Killed an unseen horror
  6361 | D:11     | Found a staircase to the Lair.
  6489 | D:11     | Noticed a two-headed ogre
  6505 | D:11     | Killed a two-headed ogre
  6655 | D:11     | Reached **** piety under Makhleb
  6691 | D:11     | Noticed Fannar
  6704 | D:11     | Killed Fannar
  6704 | D:11     | Reached skill level 11 in Axes
  6775 | D:11     | Lost mutation: Your mind is very acute. (Int +4) [potion of
                  | mutation]
  6775 | D:11     | Lost mutation: You have large cloven feet. [potion of
                  | mutation]
  6775 | D:11     | Lost mutation: Your mind is acute. (Int +2) [potion of
                  | mutation]
  6775 | D:11     | Gained mutation: You are frail. (-10% HP) [potion of
                  | mutation]
  6775 | D:11     | Gained mutation: You passively map a large area around you.
                  | [potion of mutation]
  6775 | D:11     | Gained mutation: Your mind is acute. (Int +2) [potion of
                  | mutation]
  6775 | D:11     | Gained mutation: You have large cloven feet. [potion of
                  | mutation]
  6776 | D:11     | Lost mutation: You have large cloven feet. [potion of
                  | mutation]
  6776 | D:11     | Lost mutation: You are frail. (-10% HP) [potion of
                  | mutation]
  6776 | D:11     | Lost mutation: You passively map a large area around you.
                  | [potion of mutation]
  6776 | D:11     | Lost mutation: Your mind is acute. (Int +2) [potion of
                  | mutation]
  6776 | D:11     | Gained mutation: You can translocate small distances at
                  | will. [potion of mutation]
  6776 | D:11     | Gained mutation: You are partially covered in large bone
                  | plates. (SH +4) [potion of mutation]
  6776 | D:11     | Gained mutation: Your flesh is cold resistant. (rC+)
                  | [potion of mutation]
  6776 | D:11     | Gained mutation: You possess an exceptional clarity of
                  | mind. [potion of mutation]
  7076 | D:12     | Noticed Sonja
  7078 | D:12     | Noticed Sonja
  7078 | D:12     | Sonja changed into Sonja the ogre
  7086 | D:12     | Killed Sonja the ogre
  7137 | D:12     | Found a huge runed translucent gate.
  7138 | D:12     | Found a huge runed translucent gate.
  7139 | D:12     | Found a huge runed translucent gate.
  7229 | D:12     | Found a staircase to the Orcish Mines.
  7445 | D:12     | Found a huge runed translucent gate.
  7553 | D:12     | Found Doestrow's Magic Scroll Boutique.
  7561 | D:12     | Bought a scroll of summoning for 123 gold pieces
  7958 | D:12     | Reached XP level 12. HP: 83/112 MP: 17/17
  8035 | D:13     | Found a stormy altar of Qazlal.
  8063 | D:13     | Reached skill level 10 in Invocations
  8147 | D:13     | Noticed a two-headed ogre
  8152 | D:13     | Killed a two-headed ogre
  8262 | D:13     | Reached ***** piety under Makhleb
  8273 | D:13     | Noticed Kirke
  8287 | D:13     | HP: 1/114 [meliai/+0 hand axe (9)]
  8287 | D:13     | Slain by a meliai

Levels and vault maps discovered:
D:1:      ncdulo_lavacross, layout_rooms, serial_bayou_pond_b
D:2:      layout_loops_ring, marbit_many_paths, lemuel_round_altar,
          okawaru_ov_weapons_minmay
D:3:      minmay_bubble_buster, layout_loops_corners, uniq_jessica
D:4:      layout_basic, nicolae_ru_the_path_less_chosen, first_ration,
          lemuel_tele_altar
D:5:      layout_loops_ring, kennysheep_little_box, kennysheep_mini,
          minmay_temple_entry_butterflies
D:6:      old_forge, layout_loops_ring, vehumet_statue, nicolae_elemental_shop
D:7:      cheibrodos_fzero, layout_basic, overflow_temple_1_default,
          chequers_temple_overflow_statue_of_worship, old_standard_altar,
          nicolae_benzene_ring, serial_bayou_pond_d, uniq_menkaure
D:8:      layout_basic, lemuel_round_altar, serial_undead, serial_undead_d,
          serial_undead_c, serial_undead_a, serial_undead_a, hangedman_ranch
          [blue_anna_fruit_fields]
D:9:      layout_stronghold, xom_redecorated, uniq_maurice
D:10:     layout_loops_ring
D:11:     layout_basic, due_lair_maze_entry_diamond, uniq_fannar
D:12:     lemuel_bear_cage, layout_stronghold, orc_0_dummy, serial_shops, shop,
          hive_lemuel, uniq_sonja
D:13:     layout_cave_pools, david_vaults_5, serial_shops, shop, basic_altar,
          uniq_kirke
Temple:   corrupted_temple

Skill      XL: |  1  2  3  4  5  6  7  8  9 10 11 12 |
---------------+-------------------------------------+-----
Axes           | 3 4 5 6 7 9 10 11 | 11.9
Fighting       | 3 4 5 6 7 8 9 |  9.2
Dodging        | 1 2 3 4 5 6 7 8 |  8.2
Shields        | 4 5 6 7 8 9 |  9.0
Armour         | 4 5 6 7 8 |  8.9
Invocations    | 4 7 9 10 | 10.4

Action                   |  1- 3 |  4- 6 |  7- 9 | 10-12 || total
-------------------------+-------+-------+-------+-------++-------
Melee: War axe           |   119 |    66 |   322 |   603 ||  1110
       Unarmed           |       |       |       |     1 ||     1
 Abil: Heal Wounds       |       |     2 |    11 |     7 ||    20
Evoke: Wand              |       |       |       |     2 ||     2
  Use: Scroll            |       |     8 |    10 |     7 ||    25
       Potion            |       |       |       |     3 ||     3
  Eat: Chunk             |       |     3 |    11 |    13 ||    27
       Ration            |       |       |       |     2 ||     2
Armor: Scale mail        |    76 |    32 |    38 |       ||   146
       Chain mail        |       |       |    87 |       ||    87
       Plate armour      |       |       |     8 |   373 ||   381
Dodge: Dodged            |    43 |     9 |   116 |   234 ||   402
Block: Kite shield       |    67 |    36 |   170 |   486 ||   759

Table legend:
 A = Non-vault XP
 B = Vault XP
 C = Vault XP percentage of total XP
 D = Non-vault monster count
 E = Vault monster count
 F = Vault count percentage of total count
                 A         B        C        D         E       F
            +---------+---------+-------+---------+---------+-------
      Total |   20213 |    9367 |  31.7 |     266 |      75 |  22.0
            +---------+---------+-------+---------+---------+-------
        D:1 |      26 |       0 |   0.0 |      16 |       0 |   0.0
        D:2 |      16 |      14 |  46.7 |       9 |       1 |  10.0
        D:3 |       3 |      29 |  90.6 |       2 |       9 |  81.8
        D:4 |     207 |       0 |   0.0 |      11 |       0 |   0.0
        D:5 |     642 |       0 |   0.0 |      25 |       0 |   0.0
        D:6 |    1021 |     183 |  15.2 |      20 |       8 |  28.6
        D:7 |    1176 |     639 |  35.2 |      27 |      13 |  32.5
        D:8 |    2211 |    1665 |  43.0 |      20 |      13 |  39.4
        D:9 |     653 |     457 |  41.2 |      18 |       1 |   5.3
       D:10 |    3833 |       0 |   0.0 |      37 |       0 |   0.0
       D:11 |    3954 |    2413 |  37.9 |      39 |      12 |  23.5
       D:12 |    1956 |    3778 |  65.9 |      17 |      17 |  50.0
       D:13 |    4515 |     189 |   4.0 |      25 |       1 |   3.8
            +---------+---------+-------+---------+---------+-------
